Map: Ruins of Endion

Players

Miszu - Winner!

  • Race: Terran Terran
  • League: Master

IIIIIIIIIIII

  • Race: Terran Terran
  • League: Master

VOD

Have the link to the VOD?

Description

Time

  • Played on: April 19, 2016, 3:50 p.m.
  • Length: 7:10
Show
View Real Time Build Order
Export as new Build Order

Miszu Terran - Winner!

Build Orders:  

Get SALT Encoding   

  12  0:00  SCV  
  13  0:13  SCV  
  14  0:18  Supply Depot  
  14  0:25  SCV  
  15  0:31  Refinery  
  15  0:39  SCV  
  16  0:47  Barracks  
  16  0:52  SCV  
  17  1:04  SCV  
  18  1:14  Refinery  
  18  1:17  SCV  
  20  1:34  Reaper  
  20  1:37  Orbital Command  
  20  1:41  Supply Depot  
  20  1:48  Factory  
  20  2:02  SCV  
  20  2:06  Reaper  
  22  2:16  SCV  
  22  2:18  Supply Depot  
  23  2:31  Hellion  
  23  2:32  Starport  
  23  2:36  SCV  
  26  2:38  Reaper  
  27  2:48  SCV  
  28  2:53  Hellion  
  28  2:57  Supply Depot  
  31  3:05  SCV  
  31  3:09  Medivac  
  31  3:10  Reaper  
  34  3:14  Hellion  
  37  3:20  SCV  
  37  3:30  Engineering Bay  
  37  3:40  SCV  
  37  3:54  SCV  
  38  3:56  Viking  
  38  3:57  Hellion  
  38  4:06  SCV  
  37  4:18  SCV  
  36  4:29  Hellion  
  36  4:30  SCV  
  35  4:33  Viking  
  37  4:39  Marine  
  37  4:42  SCV  
  39  4:54  SCV  
  40  5:03  Factory Reactor  
  40  5:04  Barracks Reactor, Factory Tech Lab  
  40  5:10  SCV  
  41  5:14  Command Center  
  41  5:16  Viking  
  39  5:37  Siege Tank  
  39  5:39  SCV  
  39  5:41  Barracks x2  
  41  5:46  Viking  
  41  5:51  Marine x2, SCV  
  43  6:09  Marine x2  
  41  6:21  Siege Tank  
  41  6:22  SCV  
  40  6:27  Marine x2  
  40  6:29  Marine  
  40  6:30  Marine  
  44  6:34  SCV  
  44  6:44  Marine  
  44  6:45  Marine  
  44  6:46  SCV  
  47  6:49  Marine  
Show
View Real Time Build Order
Export as new Build Order

IIIIIIIIIIII Terran 

Build Orders: Liberator Opening 

Get SALT Encoding   

  12  0:00  SCV  
  13  0:14  Supply Depot  
  13  0:40  SCV  
  14  0:48  Barracks  
  14  0:53  SCV  
  14  0:54  Refinery  
  15  1:07  SCV  
  16  1:20  SCV  
  17  1:28  Refinery  
  18  1:37  Orbital Command  
  18  1:39  Marine  
  18  1:45  Supply Depot  
  18  1:56  Factory  
  18  1:57  Marine  
  19  2:03  SCV  
  20  2:15  SCV  
  21  2:17  Barracks Tech Lab  
  21  2:18  Barracks Reactor  
  21  2:27  SCV  
  22  2:39  SCV, Widow Mine  
  22  2:40  Starport  
  25  2:49  Supply Depot  
  25  2:51  SCV  
  25  2:54  Marine x2  
  28  3:00  Liberator  
  28  3:03  SCV  
  29  3:12  Widow Mine  
  29  3:16  SCV  
  35  3:23  Supply Depot, Marine x2  
  36  3:41  Marine x2  
  29  3:57  Hellion  
  29  3:59  Marine x2  
  27  4:17  Marine x2  
  25  4:31  Hellion, SCV  
  27  4:37  Viking  
  27  4:43  SCV  
  25  4:48  Marine x2  
  27  4:55  SCV  
  28  5:05  Hellion  
  28  5:07  Viking, Marine x2  
  30  5:11  SCV  
  35  5:23  SCV  
  35  5:24  Marine x2  
  35  5:27  Hellion  
  38  5:42  Marine x2  
  40  6:02  Marine x2  
  40  6:03  Hellion  
  44  6:08  SCV  
  35  6:25  Marine x2  
  27  6:26  Hellion  
  27  6:29  SCV  
  26  6:41  SCV  
  26  6:43  Marine  
  26  6:44  Marine  
Tags
 
Add a new tag
Caveats
  • Supply blocks, unpowered buildings, or Contaminate may cause inaccurate times.
  • Supply counts are checked every 10 seconds.